 Dungeon Crawl Stone Soup version 0.32-a0-871-ge202e49faa (webtiles) character file.

Game seed: 10611588077734703674

43 KennySheep the Apothecary (level 3, -1/28 HPs)
             Began as a Naga Alchemist on Mar 30, 2024.
             Slain by an adder (2 damage)
             ... on level 2 of the Dungeon.
             The game lasted 00:04:02 (1103 turns).

KennySheep the Apothecary (Naga Alchemist)          Turns: 1103, Time: 00:04:03

Health: -1/28      AC:  2    Str: 10    XL:     3   Next: 58%
Magic:  4/6        EV:  8    Int: 17    God:
Gold:   15         SH:  0    Dex: 11    Spells: 5/6 levels left

rFire   . . .        (no weapon)
rCold   . . .        (no shield)
rNeg    + . .        c - +0 robe {rN+}
rPois   +            (no helmet)
rElec   .            (no cloak)
rCorr   .            (no gloves)
SInv    +            (no barding)
Will    .....        (no amulet)
Stlth   ++           (no ring)
HPRegen 0.24/turn    (no ring)
MPRegen 0.10/turn

%: no passive effects
@: very slow
A: AC +1, large, see invisible, deformed body, poison resistance, slowness 2,
spit poison 1, naga tail 1
a: Spit Poison


You were on level 2 of the Dungeon.
You visited 1 branch of the dungeon, and saw 2 of its levels.

You collected 15 gold pieces.

Inventory:

Armour
 a - a +0 robe
 c - a +0 robe of positive energy (worn)
 i - the +0 ring mail of Resourcefulness {-Tele Harm rElec Stlth+}
   (You found it on level 2 of the Dungeon)

   rElec:     It insulates you from electricity.
   -Tele:     It prevents most forms of teleportation.
   Harm:      It increases damage dealt and taken.
   Stlth+:    It makes you more stealthy.
Jewellery
 d - an amulet of faith
Scrolls
 e - a scroll of amnesia
 f - 2 scrolls of identify {unknown}
 h - a scroll of fear {unknown}
Potions
 b - a potion of magic


   Skills:
 - Level 1.5 Dodging
 + Level 4.2 Stealth
 - Level 2.0 Spellcasting
 - Level 1.0 Conjurations
 * Level 4.9 Alchemy


You had 5 spell levels left.
You knew the following spells:

 Your Spells              Type           Power      Damage    Failure   Level
a - Sting                 Conj/Alch      44%        1d5       6%          1

Your spell library contained the following spells:

 Spells                   Type           Power      Damage    Failure   Level
 Mercury Vapours          Alch/Air       20%        N/A       11%         2
 Freeze                   Ice            4%         1d3       19%         1
 Mephitic Cloud           Conj/Alch/Air  8%         N/A       26%         3
 Olgreb's Toxic Radiance  Alch           18%        N/A       26%         4
 Hailstorm                Conj/Ice       3%         3d5       43%         3
 Frozen Ramparts          Ice            2%         1d1       50%         3
 Sticky Flame             Fire/Alch      10%        2d5       56%         4


Dungeon Overview and Level Annotations

Branches:
Dungeon (2/15)

Altars:


Innate Abilities, Weirdness & Mutations

Your serpentine skin is tough. (AC +1)
You have supernaturally acute eyesight. (SInv)
Armour fits poorly on your strangely shaped body.
Your system is resistant to poisons. (rPois)
You cover ground very slowly.
You can spit poison.
You have a snake-like lower body.


Message History

Aim: an adder (53% to hit)
The sting misses the adder.
The adder barely misses you. The adder bites you.
Your magical contamination has completely faded away.
You miss the adder. The adder bites you.
You hit the adder but do no damage. The adder bites you.
You closely miss the adder. The adder bites you but does no damage.
You closely miss the adder. The adder bites you. x2
You are poisoned.
The adder poisons you!
It was a potion of cancellation.
You feel magically purged.
You feel sick. The adder bites you but does no damage.
Magic courses through your body.
You feel sick. The adder bites you.
* * * LOW HITPOINT WARNING * * *
Aiming: Sting (safe; 6% risk of failure)
Press: ? - help, Q - select action, (/) - cycle Shift-Dir - straight line, f/p - adder
Aim: an adder (53% to hit)
The sting hits the adder.
The adder is poisoned.
The adder is lightly wounded.
You feel sick. The adder bites you.
* * * LOW HITPOINT WARNING * * *
The adder closely misses you.
Aiming: Sting (safe; 6% risk of failure)
Press: ? - help, Q - select action, (/) - cycle Shift-Dir - straight line, f/p - adder
Aim: an adder (lightly wounded, poisoned, 53% to hit)
The sting hits the adder but does no damage.
The adder looks even sicker.
The adder is lightly wounded.
You feel sick. The adder bites you.
* * * LOW HITPOINT WARNING * * *
Aiming: Sting (safe; 6% risk of failure)
Press: ? - help, Q - select action, (/) - cycle Shift-Dir - straight line, f/p - adder
Aim: an adder (heavily wounded, very poisoned, 53% to hit)
The sting hits the adder.
The adder looks even sicker.
The adder is heavily wounded.
* * * LOW HITPOINT WARNING * * *
You feel sick.
You are no longer poisoned.
The adder bites you.
You die...

..........#
..........#
..........#
..........#
........ .....
#########S.#
#†......#.@#
#.♣...♣.#..#
#...ß...#..#
#.♣...♣.##.#
##.....###.#
##P.P## #.#
##≈.≈## #.# #
###≈≈.≈≈###.#
..#P≈≈≈.≈≈≈P#.#


You could see an adder (very poisoned).

Vanquished Creatures
  A gnoll (D:1)
  An adder (D:2)
  A dart slug (D:1)
  A ball python (D:1)
  3 endoplasms (D:1)
  3 giant cockroaches
  2 jackals (D:1)
  A quokka (D:2)
  3 bats
  3 frilled lizards
  3 kobolds (D:1)
  A rat (D:1)
23 creatures vanquished.

Notes
Turn   | Place    | Note
-------+----------+-------------------------------------------
     0 | D:1      | KennySheep the Naga Alchemist began the quest for the Orb.
     0 | D:1      | Reached XP level 1. HP: 15/15 MP: 3/3
    31 | D:1      | Noticed a killer bee
    31 | D:1      | Noticed a mana viper
    31 | D:1      | Noticed a swamp drake
    32 | D:1      | Noticed a lindwurm
    32 | D:1      | Noticed a polar bear
   270 | D:1      | Reached XP level 2. HP: 11/22 MP: 0/5
   650 | D:1      | Reached XP level 3. HP: 26/28 MP: 1/6
   958 | D:2      | Identified the +0 ring mail of Resourcefulness {-Tele Harm
                  | rElec Stlth+}
  1103 | D:2      | HP: 1/28 [poisoned by an adder]
  1103 | D:2      | Slain by an adder

Illustrated notes

Levels and vault maps discovered:
D:1:      onia_arrival_zoo_common, layout_basic
D:2:      layout_rooms, hellmonk_ecumenical_altar_inner_sanctum, corexii_shack,
          dreamdust_princess_bridge, uniq_natasha, uniq_jessica

Skill      XL: |  1  2  3 |
---------------+----------+-----
Alchemy        | 4 |  4.9
Stealth        | 4 |  4.2
Dodging        | |  1.5
Spellcasting   | |  2.0
Conjurations   | |  1.0

Action                     || total
---------------------------++-------
  Melee: Unarmed           ||    27
   Cast: Sting             ||    49
    Use: Potion            ||     2
         Scroll            ||     1
 Armour: Robe              ||    44
  Dodge: Dodged            ||    33

Table legend: (Time is in decaauts)
 A = Elapsed time spent in this place.
 B = Non-inter-level travel time spent in this place.
 C = Inter-level travel time spent in this place.
 D = Time resting spent in this place.
 E = Time spent auto-exploring this place.
 F = Levels seen in this place.
 G = Mean time per level.
                   A        B        C        D        E       F      G
               +--------+--------+--------+--------+--------+-----+--------+
         Total |   1330 |   1283 |     47 |      0 |   1055 |   2 |  665.0 |
       Dungeon |   1330 |   1283 |     47 |      0 |   1055 |   2 |  665.0 |
               +--------+--------+--------+--------+--------+-----+--------+

Top non-repeatable levels by time:
     D:1: 1160 daAuts
     D:2: 170 daAuts
